 Dungeon Crawl Stone Soup version 0.21.1-1-g345015f (webtiles) character file.

7 tidbits the Sneak (level 2, 8/19 HPs)
             Began as a Gnoll Enchanter on June 9, 2018.
             Quit the game on level 4 of the Dungeon.
             The game lasted 00:01:33 (171 turns).

tidbits the Sneak (Gnoll Enchanter)                  Turns: 171, Time: 00:01:34

Health: 8/19       AC:  2    Str: 10    XL:     2   Next: 0%
Magic:  1/7        EV: 14    Int: 17    God:
Gold:   11         SH:  0    Dex: 15    Spells: 7/10 levels left

rFire    . . .     SeeInvis .   a - +1 dagger
rCold    . . .     Gourm    .   (no shield)
rNeg     . . .     Faith    .   b - +0 robe
rPois    .         Spirit   .   (no helmet)
rElec    .         Reflect  .   (no cloak)
rCorr    .         Harm     .   (no gloves)
MR       .....                  (no boots)
Stlth    +++.......             (no amulet)
HPRegen  0.06/turn              (no ring)
MPRegen  0.10/turn              (no ring)

@: lethally poisoned (8 -> 0)
A: distributed training, fangs 1, strong nose
a: no special abilities


You were on level 4 of the Dungeon.
You were not hungry.

You visited 1 branch of the dungeon, and saw 4 of its levels.

You collected 11 gold pieces.

Inventory:

Hand Weapons
 a - a +1 dagger (weapon)
Missiles
 h - 19 sling bullets
Armour
 b - a +0 robe (worn)
Scrolls
 e - a scroll of identify {unknown}
 f - a scroll of enchant weapon {unknown}
Potions
 g - a potion of resistance {unknown}
Books
 c - a book of Maledictions

   Spells                             Type                      Level
   a - Corona                         Hexes                        1
   b - Ensorcelled Hibernation        Hexes/Ice                    2
   c - Confuse                        Hexes                        3
   d - Tukima's Dance                 Hexes                        3
   e - Dazzling Spray                 Conjuration/Hexes            3
Comestibles
 d - a ration


   Skills:
 + Level 0.2 Fighting
 + Level 2.4 Short Blades
 + Level 0.2 Long Blades
 + Level 0.2 Axes
 + Level 0.2 Maces & Flails
 + Level 0.2 Polearms
 + Level 0.2 Staves
 + Level 0.2 Slings
 + Level 0.2 Bows
 + Level 0.2 Crossbows
 + Level 0.2 Throwing
 + Level 0.2 Armour
 + Level 4.4 Dodging
 + Level 5.9 Stealth
 + Level 0.2 Shields
 + Level 0.2 Unarmed Combat
 + Level 4.9 Spellcasting
 + Level 0.1 Conjurations
 + Level 5.3 Hexes
 + Level 0.1 Charms
 + Level 0.1 Summonings
 + Level 0.1 Necromancy
 + Level 0.1 Translocations
 + Level 0.1 Transmutations
 + Level 0.1 Fire Magic
 + Level 0.1 Ice Magic
 + Level 0.1 Air Magic
 + Level 0.1 Earth Magic
 + Level 0.1 Poison Magic
 + Level 0.3 Invocations
 + Level 0.2 Evocations


You had 7 spell levels left.
You knew the following spells:

 Your Spells              Type           Power        Failure   Level  Hunger
a - Corona                Hex            ###....      1%          1    None
e - Ensorcelled Hibernat  Hex/Ice        ##....       7%          2    #......


Dungeon Overview and Level Annotations

Branches:
Dungeon (4/15)
 Temple: D:4-7

Altars:

Annotations:
D:3 Grinder


Innate Abilities, Weirdness & Mutations

Your experience applies equally to all skills.
You have very sharp teeth.
Your uncanny sense of smell can sniff out nearby items.


Message History

You bite the hobgoblin, but do no damage.
The hobgoblin is almost dead.
You barely miss the hobgoblin.
The hobgoblin is almost dead.
The hobgoblin stops glowing.
The hobgoblin hits you.
You hit the hobgoblin.
You kill the hobgoblin!
You see here a hobgoblin corpse.
You see here a scroll labeled SUTE KOTSYSAET.
f - a scroll labeled SUTE KOTSYSAET You see here a murky pink potion.
g - a murky pink potion
Found a stone staircase leading down.
Found a leather armour.
There is a stone staircase leading down here.
You climb downwards.
You hear the sound of rushing water.
There is an entrance to a sewer on this level.
Hurry and find it before the portal rusts away!
There is a stone staircase leading up here.
Found a stone staircase leading down.
There is a stone staircase leading down here.
You climb downwards.
There is a stone staircase leading up here.
Unknown command.
You climb upwards.
You hear the sound of rushing water.
There is an entrance to a sewer on this level.
Hurry and find it before the portal rusts away!
There is a stone staircase leading down here.
A giant cockroach comes into view.
Unknown command.
The helpless giant cockroach fails to defend itself.
You impale the giant cockroach!!
You kill the giant cockroach!
Found 19 sling bullets.
You see here 19 sling bullets.
h - 19 sling bullets An orc comes into view.
It is wielding a whip.
The orc shouts!
The orc moves out of view.
Grinder comes into view.
You see here a giant cockroach corpse.
Found 11 gold pieces.
A rat comes into view.
Casting: Corona
Confirm with . or Enter, or press ? or * to list all spells.
Aiming: Corona
Press: ? - help, Shift-Dir - straight line, f - rat
Aim: a rat (chance to defeat MR: 77%)
The rat is outlined in light.
You hit the rat.
You kill the rat!
You have reached level 2!
Memorise Ensorcelled Hibernation, consuming 2 spell levels and leaving 7?
You start memorising the spell.
You continue memorising. x2
You finish memorising.
Spell assigned to 'e'.
You hear the slow rusting of a very distant drain.
You see here 11 gold pieces.
You now have 11 gold pieces.
Found a ring mail.
Found a mace, a leather armour and a scroll labeled JOMPON FUVI.
Found a stone staircase leading down.
Found a hunting sling.
There is a stone staircase leading down here.
You climb downwards.
A worker ant comes into view.
Found 16 gold pieces.
Found an escape hatch in the floor.
There is a stone staircase leading up here.
An ogre comes into view. It is wielding a giant club.
The worker ant twitches its antennae in your direction.
The worker ant closely misses you. The worker ant bites you.
You are poisoned.
The worker ant poisons you!
Casting: Corona
Confirm with . or Enter, or press ? or * to list all spells.
Aiming: Ensorcelled Hibernation
Press: ? - help, Shift-Dir - straight line, f - worker ant
Aim: a worker ant (chance to defeat MR: 52%)
The worker ant resists with significant effort.
You feel sick. The worker ant barely misses you.
Casting: Ensorcelled Hibernation
Confirm with . or Enter, or press ? or * to list all spells.
Aiming: Ensorcelled Hibernation
Press: ? - help, Shift-Dir - straight line, f/p - worker ant
Aim: a worker ant (chance to defeat MR: 52%)
The worker ant resists with significant effort.
You feel sick.
The worker ant waves its antennae.
The worker ant bites you.
Casting: Ensorcelled Hibernation
Confirm with . or Enter, or press ? or * to list all spells.
Aiming: Ensorcelled Hibernation
Press: ? - help, Shift-Dir - straight line, f/p - worker ant
Aim: a worker ant (chance to defeat MR: 52%)
The worker ant resists with significant effort.
The worker ant bites you.
* * * LOW HITPOINT WARNING * * *
Casting: Ensorcelled Hibernation
Confirm with . or Enter, or press ? or * to list all spells.
You don't have enough magic to cast that spell.
Are you sure you want to abandon this character and quit the game? (Confirm with "yes".)

...####...
#........
#........ #.
#...... #...
#...... #....
#.....## ##....#
##......###....#
#.....@.......#
#....a.......#
#...O.......$##
...###.......#
..
#.$.....####...
.
##.....<.......
#............#
#...........##
##..........#


You could see an ogre (sleeping) and a worker ant.

Vanquished Creatures
  A dart slug (D:1)
  A giant cockroach (D:3)
  A hobgoblin (D:2)
  2 rats
5 creatures vanquished.

Notes
Turn   | Place    | Note
-------+----------+-------------------------------------------
     0 | D:1      | tidbits the Gnoll Enchanter began the quest for the Orb.
     0 | D:1      | Reached XP level 1. HP: 13/13 MP: 6/6
   133 | D:3      | Noticed Grinder
   148 | D:3      | Reached XP level 2. HP: 17/19 MP: 5/7
   152 | D:3      | Learned a level 2 spell: Ensorcelled Hibernation
   163 | D:4      | Noticed an ogre
   171 | D:4      | Quit the game

Action                   || total
-------------------------++-------
Melee: Dagger            ||    17
       Bite              ||     3
 Cast: Corona            ||     4
       Ensorcelled Hiber ||     3
 Stab: Sleeping          ||     2
Armor: Robe              ||     2
Dodge: Dodged            ||     8

Table legend:
 A = Turns spent in this place as a percentage of turns spent in the entire game.
 B = Non-inter-level travel turns spent in this place as a percentage of non-inter-level travel turns spent in the entire game.
 C = Inter-level travel turns spent in this place as a percentage of turns spent in this place.
 D = Turns resting spent in this place as a percentage of non-inter-level travel turns spent in this place.
 E = Turns spent auto-exploring this place as a percentage of non-inter-level travel turns spent in this place.
 F = Non-inter-level travel turns spent in this place divided by the number of levels of this place that you've seen.
                   A       B       C       D       E      F
               +-------+-------+-------+-------+-------+----------------------
         Total | 100.0 | 100.0 |   0.0 |   0.0 |   0.0 |  42.8
       Dungeon | 100.0 | 100.0 |   0.0 |   0.0 |   0.0 |  42.8
               +-------+-------+-------+-------+-------+----------------------

Table legend:
 A = Kills in this place as a percentage of kills in entire the game.
 B = Kills by you in this place as a percentage of kills by you in the entire game.
 C = Kills by friends in this place as a percentage of kills by friends in the entire game.
 D = Other kills in this place as a percentage of other kills in the entire game.
 E = Experience gained in this place as a percentage of experience gained in the entire game.
 F = Experience gained in this place divided by the number of levels of this place that you have seen.
                   A       B       C       D       E      F
               +-------+-------+-------+-------+-------+----------------------
         Total | 100.0 | 100.0 |   N/A |   N/A | 100.0 |   2.5
       Dungeon | 100.0 | 100.0 |   N/A |   N/A | 100.0 |   2.5
               +-------+-------+-------+-------+-------+----------------------

Vault maps used:
D:1:      minmay_arrival_nine_rooms, minmay_crystal_water, due_unseen_surprise
D:2:      serial_glass, glass_columns_a, glass_columns_c, uniq_sigmund
D:3:      cheibrodos_sewer_entry_bend, first_ration,
          kennysheep_okawaru_gauntlet, uniq_grinder
D:4:      minmay_fountain_box
